 Dungeon Crawl Stone Soup version 0.22.0-5-gf09313c (webtiles) character file.

460 Lew the Skirmisher (level 7, 0/45 HPs)
             Began as a Gargoyle Fighter on Aug 13, 2018.
             Slain by an ogre
             ... wielding a +0 giant spiked club
              (27 damage)
             ... on level 4 of the Dungeon.
             The game lasted 00:06:34 (3340 turns).

Lew the Skirmisher (Gargoyle Fighter)               Turns: 3340, Time: 00:06:34

Health: 0/45       AC: 16    Str: 19    XL:     7   Next: 7%
Magic:  7/7        EV:  3    Int:  9    God:
Gold:   240        SH:  9    Dex: 11    Spells: 6/6 levels left

rFire    . . .     SeeInvis +   a - +0 flail
rCold    . . .     Gourm    .   c - +0 shield
rNeg     + . .     Faith    .   e - +0 plate armour
rPois    ∞         Spirit   .   (no helmet)
rElec    +         Reflect  .   o - scarf {cloud immunity}
rCorr    .         Harm     .   (no gloves)
MR       .....                  (no boots)
Stlth    ..........             (no amulet)
HPRegen  0.15/turn              m - ring of see invisible
MPRegen  0.10/turn              (no ring)

@: no status effects
A: negative energy resistance 1, electricity resistance, unbreathing,
petrification resistance, rot immunity, AC +4
a: no special abilities


You were on level 4 of the Dungeon.
You were not hungry.

You visited 2 branches of the dungeon, and saw 5 of its levels.

You collected 240 gold pieces.

Inventory:

Hand Weapons
 a - a +0 flail (weapon)
Armour
 c - a +0 shield (worn)
 e - a +0 plate armour (worn)
 o - a scarf of cloud immunity (worn)
Jewellery
 m - a ring of see invisible (left hand)
Scrolls
 i - a scroll of amnesia {unknown}
 l - 5 scrolls of remove curse
Potions
 b - a potion of flight {unknown}
 d - 2 potions of might
 g - a potion of brilliance
 h - 2 potions of curing
 n - a potion of lignification
 p - a potion of berserk rage
Comestibles
 f - 5 rations
 j - 2 chunks of flesh


   Skills:
 * Level 5.9 Fighting
 + Level 3.6 Maces & Flails
 + Level 4.7 Armour
 + Level 4.8 Shields


You had 6 spell levels left.
You didn't know any spells.
Your spell library was empty.

Dungeon Overview and Level Annotations

Branches:
Dungeon (4/15)             Temple (1/1) D:4

Altars:
Ashenzari
Cheibriados
Gozag
Hepliaklqana
Kikubaaqudgha
Makhleb
Nemelex Xobeh
Okawaru
Sif Muna
Vehumet
Wu Jian
Xom
Yredelemnul
Zin
The Shining One


Innate Abilities, Weirdness & Mutations

You are resistant to torment.
Your stone body is resilient. (AC +4)
You are immune to poison.
You resist negative energy. (rN+)
You are resistant to electric shocks. (rElec)
You can survive without breathing.
You are immune to petrification.
You are immune to rotting.


Message History

Found a ration.
You hit the ogre but do no damage. You block the ogre's attack.
You closely miss the ogre. You block the ogre's attack.
You hit the ogre.
The ogre is moderately wounded.
The ogre hits you with a giant spiked club!
Your plate armour prevents you from hitting the ogre.
The ogre is moderately wounded.
You block the ogre's attack.
You sock the ogre!
The ogre is severely wounded.
The ogre completely misses you.
Your shield and plate armour prevent you from hitting the ogre.
The ogre is severely wounded.
The ogre hits you with a giant spiked club!
You hit the ogre but do no damage.
The ogre is severely wounded.
The ogre hits you with a giant spiked club!!
Ouch! That really hurt!
You die...

#####..#...####.........####.....
# #..##..# ##.......## ##..## #
#..###.# ##.....## ##.# #......#
##...## #.# ##.##### ##+## #.#
##.## ##.# #.# ##.#.#########...
#. #.###........#.#.##
##.#.#####...@O...# ##.##
#.#.#.....# ### #.#.#.......
#.#.......## #.###.#.### #.# .#%#
#.. .. . ### #####


You could see an ogre.

Vanquished Creatures
  A phantom (D:4)
  An ogre (D:4)
  The ghost of HydraWiggins the Gusty, a weakling TrAE (D:3)
  A bullfrog skeleton (D:3)
  An iguana (D:4)
  2 worker ants (D:4)
  5 adders
  An ooze (D:1)
  An adder skeleton (D:4)
  2 worms
  2 leopard geckos
  5 orcs
  A ball python (D:2)
  8 bats
  7 giant cockroaches
  9 goblins
  7 hobgoblins
  2 jackals (D:1)
  6 frilled lizards
  2 kobolds
  A leopard gecko skeleton (D:3)
  17 rats
83 creatures vanquished.

Notes
Turn   | Place    | Note
-------+----------+-------------------------------------------
     0 | D:1      | Lew the Gargoyle Fighter began the quest for the Orb.
     0 | D:1      | Reached XP level 1. HP: 14/14 MP: 1/1
   143 | D:1      | Reached XP level 2. HP: 16/19 MP: 2/2
   418 | D:1      | Reached XP level 3. HP: 24/24 MP: 3/3
   864 | D:2      | Reached skill level 4 in Fighting
   970 | D:2      | Found a deep blue altar of Sif Muna.
  1067 | D:2      | Reached XP level 4. HP: 29/29 MP: 4/4
  1251 | D:2      | Found a shimmering altar of Xom.
  1743 | D:3      | Found a runed gate.
  1743 | D:3      | Found a runed gate.
  1743 | D:3      | Found a runed gate.
  1856 | D:3      | Noticed HydraWiggins's ghost (weakling TrAE)
  1885 | D:3      | Reached XP level 5. HP: 34/34 MP: 5/5
  2210 | D:3      | Killed HydraWiggins's ghost
  2210 | D:3      | Reached skill level 5 in Fighting
  2363 | D:4      | Noticed a phantom
  2401 | D:4      | Killed a phantom
  2401 | D:4      | Reached XP level 6. HP: 26/40 MP: 6/6
  2577 | D:4      | Found a staircase to the Ecumenical Temple.
  2622 | Temple   | Entered the Ecumenical Temple
  2866 | D:4      | Reached XP level 7. HP: 9/45 MP: 7/7
  3340 | D:4      | Slain by an ogre

Skill      XL: |  1  2  3  4  5 |
---------------+----------------+-----
Fighting       | 4 5 |  5.9
Shields        | 4 |  4.8
Armour         | 4 |  4.7
Maces & Flails | 3 |  3.6

Action                   |  1- 3 |  4- 6 |  7- 9 || total
-------------------------+-------+-------+-------++-------
Melee: Flail             |   164 |   218 |    35 ||   417
  Use: Scroll            |       |     7 |       ||     7
  Eat: Chunk             |       |     4 |     1 ||     5
       Ration            |       |     1 |       ||     1
Armor: Scale mail        |    62 |       |       ||    62
       Plate armour      |    39 |   176 |    22 ||   237
Dodge: Dodged            |    55 |    33 |     3 ||    91
Block: Shield            |    89 |   127 |    16 ||   232
